 Dungeon Crawl Stone Soup version 0.26-a0-682-g294304f6e8 (webtiles) character file.

Game seed: 12993364552337228893

115758 Ijustatesigmund the Swashbuckler (level 16, -5/84 HPs)
             Began as a Spriggan Artificer on Oct 20, 2020.
             Was the Champion of Okawaru.
             Killed from afar by Frances (49 damage)
             ... with an iron shot
             ... on level 1 of the Swamp on Oct 21, 2020.
             The game lasted 01:42:19 (35827 turns).

Ijustatesigmund the Swashbuckler (SpAr)            Turns: 35827, Time: 01:42:20

Health: -5/84      AC: 20    Str: 11    XL:     16   Next: 19%
Magic:  0/26       EV: 35    Int: 20    God:    Okawaru [******]
Gold:   1715       SH: 10    Dex: 21    Spells: 12/15 levels left

rFire    . . .     SeeInvis +   e - +5 rapier (protect)
rCold    . . .     Faith    .   d - +0 buckler of the Eternal Void {*Corrode rPois Regen+}
rNeg     . . .     Spirit   +   b - +2 troll leather armour
rPois    +         Reflect  .   D - +2 hat {MR+}
rElec    +         Harm     .   g - +2 cloak {MR+}
rCorr    .         Rampage  .   (gloves unavailable)
MR       ++++.                  (boots unavailable)
Stlth    ++++++++..             H - amulet of guardian spirit
HPRegen  1.44/turn              v - +4 ring of slaying
MPRegen  0.20/turn              G - ring "Jeogh" {+Inv rElec Int+6 Slay+2 Stlth+}

@: mighty, heroism, protection aura, very slightly contaminated, studying Short
Blades, invisible, very quick
A: very small, unfitting armour, see invisible, speed 3, regeneration 1, strong
1, evolution 1, sturdy frame 1
a: Heroism, Finesse, Renounce Religion


You were on level 1 of the Swamp.
You worshipped Okawaru.
Okawaru was exalted by your worship.
You visited 5 branches of the dungeon, and saw 28 of its levels.
You also visited: Gauntlet and Ice Cave.

You collected 3222 gold pieces.
You spent 1507 gold pieces at shops.

Inventory:

Hand Weapons
 a - a +1 short sword of freezing
 e - a +5 rapier of protection (weapon)
 k - a +1 short sword of holy wrath
 B - a +4 dagger of venom
 P - the +9 hunting sling of Instant Death {vorpal, Int+5}
   (You found it in a Gauntlet)

   Any stone fired from it inflicts extra damage.
   It affects your intelligence (+5).
Missiles
 i - 86 poisoned darts (quivered)
 O - 97 sling bullets
Armour
 b - a +2 troll leather armour (worn)
 d - the +0 buckler of the Eternal Void (worn) {*Corrode rPois Regen+}
   (Okawaru gifted it to you on level 12 of the Dungeon)

   It protects you from poison.
   It increases your rate of regeneration.
   It may corrode you when you take damage.
 g - a +2 cloak of magic resistance (worn)
 q - a +0 buckler of positive energy
 x - the +0 buckler of Anarchy {rF- rN++ Regen+}
   (Okawaru gifted it to you on level 12 of the Dungeon)

   It makes you vulnerable to fire.
   It greatly protects you from negative energy.
   It increases your rate of regeneration.
 D - a +2 hat of magic resistance (worn)
Jewellery
 n - an uncursed ring of protection from magic
 u - a +4 ring of protection
 v - a +4 ring of slaying (left hand)
 y - an uncursed ring of flight
 G - the ring "Jeogh" (right hand) {+Inv rElec Int+6 Slay+2 Stlth+}
   (You found it in a Gauntlet)

   [ring of intelligence]

   It affects your intelligence (+6).
   It affects your accuracy and damage with ranged weapons and melee attacks
   (+2).
   It insulates you from electricity.
   It lets you turn invisible.
   It makes you more stealthy.
 H - an amulet of guardian spirit (around neck)
 M - a +4 ring of evasion
 T - an uncursed ring of ice
 V - an uncursed ring of protection from magic
 X - an uncursed ring of stealth {unknown}
Wands
 f - a wand of iceblast (4)
 C - a wand of acid (24)
 E - a wand of random effects (18)
 L - a wand of flame (15)
 N - a wand of disintegration (18)
 R - a wand of polymorph (6)
 Y - a wand of paralysis (5)
Scrolls
 c - 4 scrolls of immolation
 j - 6 scrolls of amnesia
 l - 11 scrolls of remove curse
 o - 3 scrolls of blinking
 r - 5 scrolls of fear
 s - 7 scrolls of identify
 J - 12 scrolls of teleportation
 Q - 3 scrolls of fog
 W - 3 scrolls of enchant armour
Potions
 h - a potion of stabbing
 m - 4 potions of haste
 t - 3 potions of lignification
 w - 4 potions of curing
 z - 3 potions of flight
 A - 3 potions of brilliance
 I - 5 potions of resistance
 K - 4 potions of cancellation
 S - a potion of might
Books
 p - a manual of Short Blades
Miscellaneous
 F - a condenser vane (2/2)


   Skills:
 - Level 9.4(14.4) Fighting
 - Level 16.8(21.8) Short Blades
 - Level 11.4(16.4) Slings
 - Level 6.2(11.2) Armour
 - Level 12.4(17.4) Dodging
 - Level 13.7(18.7) Stealth
 - Level 6.2(11.2) Shields
 - Level 4.6 Translocations
 - Level 4.9 Transmutations
 - Level 3.4 Earth Magic
 + Level 12.5 Invocations
 - Level 5.9 Evocations


You had 12 spell levels left.
You knew the following spells:

 Your Spells              Type           Power        Failure   Level
a - Apportation           Tloc           ###...       3%          1
b - Passwall              Tmut/Erth      ###.....     5%          2

Your spell library contained the following spells:

 Spells                   Type           Power        Failure   Level
 Sandblast                Erth           ##....       4%          1
 Animate Skeleton         Necr           #.....       21%         1
 Corona                   Hex            #......      21%         1
 Summon Small Mammal      Summ           #...         21%         1
 Portal Projectile        Hex/Tloc       #.....       24%         3
 Slow                     Hex            #.......     30%         2
 Stone Arrow              Conj/Erth      #.....       30%         3
 Petrify                  Tmut/Erth      ###.....     34%         4
 Inner Flame              Hex/Fire       #.......     52%         3
 Leda's Liquefaction      Hex/Erth       #.........   69%         4
 Lee's Rapid Deconstruct  Erth           ##........   80%         5
 Cause Fear               Hex            #.........   89%         4
 Irradiate                Conj/Tmut      #.........   90%         5
 Hydra Form               Tmut           ###.......   99%         6
 Statue Form              Tmut/Erth      ###......    99%         6
 Dragon Form              Tmut           ###.......   100%        7
 Haunt                    Necr/Summ      #.........   100%        7
 Borgnjor's Revivificati  Necr           #.........   100%        8
 Infestation              Necr           #.........   100%        8
 Necromutation            Tmut/Necr      #.........   100%        8
 Death's Door             Necr           #.........   100%        9


Dungeon Overview and Level Annotations

Branches:
Dungeon (15/15)            Temple (1/1) D:6            Lair (6/6) D:9
  Swamp (4/4) Lair:2        Snake (0/4) Lair:4        Slime (0/5) Lair:6
    Orc (2/2) D:10            Elf (0/3) Orc:2        Vaults (0/5) D:13
 Depths (0/5) D:15          IceCv (visited)         Gauntlet (visited)

Altars:
Ashenzari
Cheibriados
Dithmenos
Elyvilon
Fedhas
Gozag
Hepliaklqana
Kikubaaqudgha
Makhleb
Nemelex Xobeh
Okawaru
Qazlal
Ru
Sif Muna
Trog
Uskayaw
Vehumet
Wu Jian
Xom
Yredelemnul
Zin
The Shining One
Beogh

Shops:
D:9 [   D:11 *   D:13 }   Orc:2 *([:

Annotations:
D:10 3 runed translucent doors, SineQuat's ghost, novice MiFi
Lair:2 2 transporters, Nale's ghost, journeyman DrMo
Swamp:1 Frances


Innate Abilities, Weirdness & Mutations

You are very small and have problems with some larger weapons.
You are too small for most types of armour.
You have supernaturally acute eyesight. (SInv)
You cover ground extremely quickly.
Your natural rate of healing is unusually fast.
Your muscles are strong. (Str +2)
You evolve.
Your movements are slightly less encumbered by armour. (ER -2)


Message History

Frances is severely wounded.
The chaos spawn completely misses you.
You impale Frances!!
Frances is severely wounded.
You block Frances's attack.
You closely miss Frances.
Frances is severely wounded.
Frances completely misses you. The chaos spawn completely misses you.
You closely miss Frances.
Frances is severely wounded.
You barely miss Frances.
Frances is severely wounded.
Frances mutters in a terrible tongue.
The chaos spawn completely misses you.
You barely miss Frances.
Frances is severely wounded.
Frances chants phrases taken from a devil's mouth.
The iron shot hits you!!!
Ouch! That really hurt!
You die...

§..♣..≈≈≈≈≈..♣♣♣..≈≈≈≈.≈≈≈≈≈≈..≈.
......≈≈≈≈.♣♣♣ ♣♣≈≈≈≈≈≈.≈≈≈..≈≈≈≈
......≈≈≈..≈♣ ♣♣.≈.≈≈≈≈....≈.≈≈≈≈
.......≈≈...♣ ♣...≈≈≈♣♣♣.♣♣...≈..
.≈§[..≈≈≈≈≈.♣♣♣.≈≈♣♣♣♣ ♣♣ ♣♣≈≈≈..
≈≈≈≈....≈≈≈.≈♣.≈≈≈.♣ ♣♣♣♣♣≈≈≈≈.
≈≈≈......≈≈≈♣♣.≈≈≈♣♣ ♣♣..≈≈..≈≈≈
≈≈≈....≈♣♣♣♣♣♣♣.≈@≈♣♣....≈...≈≈≈≈
≈≈≈.≈≈♣♣♣♣ ♣!@..4....≈≈≈..≈≈≈≈
†...≈.♣..♣ ♣♣4...≈≈≈≈≈≈≈≈≈≈≈≈≈
.†.>.≈≈♣♣♣ ..≈..≈≈≈≈≈≈≈≈≈≈≈≈.
....≈≈♣♣ ♣≈≈≈≈..≈≈...≈≈≈≈.≈≈
≈.≈♣♣♣♣ .≈≈≈≈≈.≈≈≈.♣..≈≈..♣ ...♣♣
≈...≈≈≈≈≈≈≈ ♣§..<..♣ ....♣♣
....§.≈≈≈≈≈ ♣....≈♣♣ .....♣
.......≈≈≈≈. ♣.≈≈≈≈♣ ♣♣≈.♣♣
.≈.≈≈.♣♣


You could see Frances (fast), an ice devil (summoned, wandering) and a chaos
spawn (summoned).

Vanquished Creatures
  Kirke (Lair:4)
  Gastronok (Lair:1)
  Roxanne (Swamp:1)
  An ironheart preserver (D:13)
  A stone giant (Orc:2)
  A minotaur (Gauntlet)
  4 ettins
  Josephine (Orc:2)
  4 boulder beetles
  Fannar (Lair:3)
  3 catoblepae
  5 hydras
  2 ghost crabs (Swamp:1)
  An alligator (Swamp:1)
  9 centaur warriors
  A death knight (D:15)
  An ogre mage (D:15)
  4 tengu warriors
  4 two-headed ogres
  A thrashing horror (Gauntlet)
  4 death yaks (Lair:5)
  Urug (Orc:1)
  Sonja (Lair:3)
  A deep elf knight (D:15)
  5 skeletal warriors
  7 slime creatures
  An unseen horror (D:12)
  3 necromancers
  2 wolf spiders (Lair:6)
  2 orc knights
  An oklob plant (Lair:1)
  A deep elf mage (D:15)
  9 cyclopes
  3 orc sorcerers
  16 ugly things
  3 manticores
  6 elephants (Lair:3)
  Eustachio (D:6)
  6 black mambas
  Joseph (D:7)
  An ice statue (IceCv)
  A gargoyle (D:15)
  Maurice (D:10)
  A guardian serpent (Lair:6)
  A torpor snail (Lair:5)
  A water nymph (shapeshifter) (D:13)
  A rime drake (Lair:3)
  20 cane toads
  6 ice devils (IceCv)
  2 kobold demonologists (D:14)
  A tengu conjurer (D:9)
  12 komodo dragons
  2 freezing wraiths (D:15)
  An efreet (D:11)
  9 trolls
  A meliai (D:9)
  A harpy zombie (D:15)
  2 tyrant leeches
  3 hornets
  2 polar bears (Lair:3)
  A wolf spider simulacrum (D:15)
  14 blink frogs
  6 dream sheep (Lair:6)
  Sigmund (D:6)
  2 shadows
  2 redbacks (Lair:6)
  2 hogs (Lair:4)
  5 basilisks
  10 wraiths
  13 wyverns
  43 yaks
  5 ogres
  5 vampire mosquitoes
  2 wargs (Orc:2)
  8 swamp worms
  5 insubstantial wisps (Swamp:1)
  A soldier ant (D:15)
  32 water moccasins
  2 acid dragons (Gauntlet)
  Duvessa (D:7)
  4 ice beasts
  4 sky beasts
  19 orc warriors
  2 phantoms
  A black bear (D:10)
  2 necrophages
  3 elephant zombies (Lair:5)
  5 wolves
  17 centaurs
  2 big kobolds (D:14)
  Blork the orc (D:4)
  22 bullfrogs
  A hornet simulacrum (D:15)
  4 small abominations (Gauntlet)
  A water moccasin skeleton (D:9)
  Dowan (D:7)
  2 scorpions
  7 killer bees
  13 wights
  2 howler monkeys
  4 electric eels
  5 centaur zombies
  A basilisk zombie (Lair:5)
  5 bullfrog zombies
  2 draconian simulacra (IceCv)
  A quasit (D:8)
  A wyvern simulacrum (D:15)
  6 centaur skeletons
  7 hounds
  6 jellies
  15 orc priests
  A bullfrog skeleton (D:4)
  21 orc wizards
  Terence (D:3)
  Jessica (D:2)
  2 iguanas
  A spriggan simulacrum (IceCv)
  7 worker ants
  2 yak simulacra (D:12)
  3 polar bear simulacra (D:12)
  4 troll simulacra (IceCv)
  2 wolf simulacra (D:12)
  3 centaur simulacra
  2 hound zombies
  A hound skeleton (D:5)
  A worker ant zombie (D:5)
  15 adders
  An ogre simulacrum (IceCv)
  A naga simulacrum (IceCv)
  17 white imps
  3 ufetubi
  3 oozes (Lair:6)
  3 adder zombies
  An adder skeleton (D:9)
  3 worms
  2 dart slugs (D:1)
  6 leopard geckos
  59 orcs
  2 giant cockroaches
  4 goblins
  4 hobgoblins
  13 jackals
  4 quokkas
  8 ball pythons
  5 bats
  A frilled lizard (D:2)
  A giant cockroach zombie (D:6)
  A jackal skeleton (D:4)
  14 kobolds
  12 rats
  4 river rat simulacra (D:12)
755 creatures vanquished.

Vanquished Creatures (collateral kills)
  A slime creature (D:12)
  Edmund (D:6)
  A phantom (D:12)
  An orc warrior (D:10)
  2 killer bees (D:10)
  A wight (D:12)
  A howler monkey (D:12)
  An orc priest (D:10)
  2 orc wizards (D:10)
  4 orcs
15 creatures vanquished.

Vanquished Creatures (others)
  A swamp dragon (Swamp:1)
  A slime creature (D:12)
  A komodo dragon (Lair:6)
  A tyrant leech (Swamp:1)
  4 yaks
  A hornet zombie (D:6)
  An orc warrior (D:10)
  A swamp drake (Swamp:1)
  An ice beast (D:4)
  2 killer bees (D:10)
  A bullfrog (D:6)
  An ooze (D:1)
  2 orcs (D:9)
  41 fungi
  75 plants
134 creatures vanquished.

Grand Total: 904 creatures vanquished

Notes
Turn   | Place    | Note
-------+----------+-------------------------------------------
     0 | D:1      | Ijustatesigmund the Spriggan Artificer began the quest for
                  | the Orb.
     0 | D:1      | Reached XP level 1. HP: 9/9 MP: 2/2
    47 | D:1      | Reached skill level 1 in Fighting
   320 | D:1      | Reached XP level 2. HP: 4/14 MP: 3/3
  1398 | D:2      | Reached skill level 1 in Short Blades
  1398 | D:2      | Reached XP level 3. HP: 13/18 MP: 4/4
  1818 | D:2      | Reached XP level 4. HP: 23/23 MP: 5/5
  2606 | D:2      | Noticed Jessica
  2614 | D:2      | Killed Jessica
  2614 | D:2      | Reached skill level 2 in Short Blades
  3135 | D:2      | Noticed a moth of wrath
  3137 | D:2      | Found a bloodstained altar of Trog.
  3171 | D:2      | Reached skill level 5 in Dodging
  3171 | D:2      | Reached XP level 5. HP: 18/26 MP: 6/6
  3899 | D:3      | Noticed Terence
  3922 | D:3      | Killed Terence
  4119 | D:3      | Found a sacrificial altar of Ru.
  4675 | D:4      | Noticed Blork the orc
  4684 | D:4      | Killed Blork the orc
  4684 | D:4      | Reached skill level 3 in Short Blades
  4684 | D:4      | Reached skill level 5 in Stealth
  4684 | D:4      | Reached XP level 6. HP: 32/32 MP: 7/7
  4915 | D:4      | Noticed an ice beast
  4931 | D:4      | Killed an ogre
  5182 | D:5      | Entered Level 5 of the Dungeon
  5836 | D:5      | Reached XP level 7. HP: 14/36 MP: 8/8
  6633 | D:5      | Reached skill level 4 in Short Blades
  6858 | D:6      | Found a white marble altar of Elyvilon.
  6897 | D:6      | Noticed Eustachio
  6910 | D:6      | Noticed Sigmund
  6924 | D:6      | Noticed Edmund
  6962 | D:6      | Killed Edmund
  6997 | D:6      | Killed Sigmund
  6999 | D:6      | Your ally died
  6999 | D:6      | Reached skill level 5 in Short Blades
  6999 | D:6      | Reached XP level 8. HP: 22/42 MP: 9/9
  7255 | D:6      | Found a shadowy altar of Dithmenos.
  7309 | D:6      | Found a staircase to the Ecumenical Temple.
  7384 | Temple   | Entered the Ecumenical Temple
  8331 | D:7      | Noticed Duvessa
  8332 | D:7      | Noticed Dowan
  8732 | D:7      | Killed Dowan
  8734 | D:7      | Killed Duvessa
  8816 | D:7      | Noticed Joseph
  8825 | D:7      | Killed Joseph
  8825 | D:7      | Reached skill level 6 in Short Blades
  8825 | D:7      | Reached XP level 9. HP: 46/46 MP: 10/10
  8968 | D:7      | Reached skill level 5 in Fighting
  9062 | D:7      | Found a blossoming altar of Fedhas.
  9485 | D:7      | Found a shimmering altar of Xom.
  9533 | D:7      | Found a sacrificial altar of Ru.
  9540 | D:7      | Found a shimmering altar of Xom.
  9540 | D:7      | Found an iron altar of Okawaru.
  9541 | D:7      | Found a broken altar of Ashenzari.
  9543 | D:7      | Found a shimmering blue altar of Sif Muna.
  9545 | D:7      | Found a basalt altar of Yredelemnul.
  9549 | D:7      | Became a worshipper of Warmaster Okawaru
  9712 | D:7      | Reached skill level 1 in Invocations
  9927 | D:8      | Reached skill level 5 in Evocations
  9941 | D:8      | Noticed a two-headed ogre
 10637 | D:8      | Killed a two-headed ogre
 10637 | D:8      | Reached * piety under Okawaru
 10637 | D:8      | Reached skill level 10 in Dodging
 10637 | D:8      | Reached skill level 10 in Stealth
 10880 | D:8      | Found an opulent altar of Gozag.
 11006 | D:9      | Reached XP level 10. HP: 51/51 MP: 14/14
 11033 | D:9      | Reached ** piety under Okawaru
 11312 | D:9      | Noticed a boulder beetle
 11350 | D:9      | Killed a boulder beetle
 11350 | D:9      | Reached skill level 5 in Invocations
 11674 | D:9      | Found Fepso's Armour Emporium.
 12379 | D:9      | Noticed a boulder beetle
 12399 | D:9      | Killed a boulder beetle
 12399 | D:9      | Reached *** piety under Okawaru
 12399 | D:9      | Reached skill level 7 in Short Blades
 12415 | D:9      | Found a staircase to the Lair.
 12792 | D:9      | Noticed a centaur warrior
 12797 | D:9      | Killed a centaur warrior
 12821 | D:9      | Reached **** piety under Okawaru
 12826 | D:9      | Noticed a centaur warrior
 12839 | D:9      | Reached XP level 11. HP: 29/56 MP: 17/17
 12847 | D:9      | Reached skill level 8 in Short Blades
 13207 | D:9      | Killed a centaur warrior
 13680 | D:10     | Entered Level 10 of the Dungeon
 13703 | D:10     | Noticed Maurice
 13707 | D:10     | Found a runed translucent gate.
 13707 | D:10     | Found a runed translucent gate.
 13707 | D:10     | Found a runed translucent gate.
 13712 | D:10     | Noticed an ettin
 13731 | D:10     | Killed Maurice
 13732 | D:10     | Noticed SineQuat's ghost (novice MiFi)
 14205 | D:10     | Reached ***** piety under Okawaru
 14434 | D:10     | Found a staircase to the Orcish Mines.
 14584 | D:10     | Found a shimmering blue altar of Sif Muna.
 14634 | D:10     | Reached skill level 9 in Short Blades
 15239 | D:11     | Found a frozen archway.
 15311 | D:11     | Identified a scroll of acquirement
 15311 | D:11     | Acquired a +0 buckler of positive energy
 15372 | IceCv    | Entered an ice cave
 15903 | IceCv    | Noticed a necromancer
 15914 | IceCv    | Killed a necromancer
 15914 | IceCv    | Reached skill level 10 in Short Blades
 16032 | D:11     | Noticed a cyan ugly thing
 16033 | D:11     | Noticed a brown ugly thing
 16033 | D:11     | Noticed a white ugly thing
 16199 | D:12     | Noticed an unseen horror
 16224 | D:12     | Killed an unseen horror
 16224 | D:12     | Reached XP level 12. HP: 64/64 MP: 17/19
 16240 | D:12     | Received a gift from Okawaru
 16240 | D:12     | Reached skill level 1 in Armour
 16242 | D:12     | Reached skill level 1 in Shields
 16305 | D:12     | Got a translucent buckler {god gift}
 16316 | D:12     | Identified the +0 buckler of the Eternal Void {*Corrode
                  | rPois Regen+} (Okawaru gifted it to you on level 12 of the
                  | Dungeon)
 17635 | D:13     | Noticed a tengu warrior
 17636 | D:13     | Noticed a tengu warrior
 17642 | D:13     | Killed a tengu warrior
 17644 | D:13     | Killed a tengu warrior
 17674 | D:13     | Noticed a boulder beetle
 17887 | D:11     | Reached skill level 10 in Invocations
 18080 | D:11     | Noticed a boulder beetle
 18090 | D:11     | Found Iginelea's Serpentskin Sales.
 18365 | D:11     | Killed a boulder beetle
 18667 | D:11     | Noticed a five-headed hydra
 18680 | D:11     | Killed a five-headed hydra
 18727 | D:11     | Gained mutation: You occasionally shout uncontrollably at
                  | your foes. [potion of mutation]
 18727 | D:11     | Gained mutation: You have a beak for a mouth. [potion of
                  | mutation]
 18859 | D:11     | Noticed a five-headed hydra
 18866 | D:11     | Killed a five-headed hydra
 18983 | D:12     | Received a gift from Okawaru
 18986 | D:12     | Got a polished buckler {god gift}
 18997 | D:12     | Identified the +0 buckler of Anarchy {rF- rN++ Regen+}
                  | (Okawaru gifted it to you on level 12 of the Dungeon)
 20210 | D:13     | Reached XP level 13. HP: 59/68 MP: 14/22
 20781 | D:13     | Reached skill level 5 in Armour
 20847 | D:13     | Reached skill level 5 in Shields
 20993 | D:13     | Found a gate to the Vaults.
 20993 | D:13     | Noticed an ironheart preserver
 21024 | D:13     | Killed an ironheart preserver
 21092 | D:13     | Found Riewaxiecau's Gadget Shoppe.
 21097 | D:13     | Bought a condenser vane (2/2) for 280 gold pieces
 21299 | D:13     | You fall into a shaft and drop 2 floors!
 21299 | D:15     | Entered Level 15 of the Dungeon
 21772 | D:14     | Received a gift from Okawaru
 22593 | D:14     | Learned a level 1 spell: Apportation
 22872 | D:14     | Reached skill level 1 in Translocations
 23486 | D:15     | Found a staircase to the Depths.
 23590 | D:15     | Reached XP level 14. HP: 60/73 MP: 16/24
 23629 | D:15     | Reached ****** piety under Okawaru
 24877 | D:14     | Acquired a manual of Short Blades
 24968 | D:15     | Reached skill level 11 in Short Blades
 25285 | D:15     | Reached skill level 12 in Short Blades
 25702 | Orc:1    | Entered Level 1 of the Orcish Mines
 25822 | Orc:1    | Found a roughly hewn altar of Beogh.
 26119 | Orc:2    | Entered Level 2 of the Orcish Mines
 26148 | Orc:2    | Reached skill level 13 in Short Blades
 26161 | Orc:2    | Found Syimytu's Antique Armour Shop.
 26161 | Orc:2    | Noticed a stone giant
 26205 | Orc:2    | Noticed Josephine
 26373 | Orc:2    | Killed Josephine
 26405 | Orc:2    | Reached skill level 14 in Short Blades
 26673 | Orc:1    | Received a gift from Okawaru
 26955 | Orc:2    | Noticed Urug
 27083 | Orc:1    | Killed Urug
 27083 | Orc:1    | Reached skill level 15 in Short Blades
 27253 | Orc:2    | Killed a stone giant
 27405 | Orc:2    | Found Cieronod's Book Shoppe.
 27496 | Orc:2    | Found a staircase to the Elven Halls.
 27716 | Orc:2    | Reached skill level 16 in Short Blades
 27740 | Orc:2    | Found Qiddaen's General Store.
 27751 | Orc:2    | Bought a scroll of blinking for 97 gold pieces
 27751 | Orc:2    | Bought a scroll of identify for 26 gold pieces
 27757 | Orc:2    | Found Luties's Antique Weapon Emporium.
 27863 | Orc:2    | Bought a warped rapier for 279 gold pieces
 27863 | Orc:2    | Identified the cursed +1 rapier of Peirhov {vorpal, rPois
                  | rC+ MR++ MP+9} (You bought it in a shop on level 2 of the
                  | Orcish Mines)
 28091 | Orc:2    | Bought a book of Transfigurations for 825 gold pieces
 28094 | Orc:2    | Learned a level 2 spell: Passwall
 28188 | Lair:1   | Entered Level 1 of the Lair of Beasts
 28212 | Lair:1   | Found a gate leading to a gauntlet.
 28222 | Gauntlet | Entered a Gauntlet
 28222 | Gauntlet | Found a large runed translucent door.
 28222 | Gauntlet | Found a large runed translucent door.
 28222 | Gauntlet | Found a large runed translucent door.
 28222 | Gauntlet | Found a large runed translucent door.
 28222 | Gauntlet | Found a large runed translucent door.
 28222 | Gauntlet | Found a large runed translucent door.
 28222 | Gauntlet | Found a large runed translucent door.
 28222 | Gauntlet | Found a large runed translucent door.
 28222 | Gauntlet | Found a runed translucent door.
 28222 | Gauntlet | Found a runed translucent gate.
 28222 | Gauntlet | Found a transporter.
 28222 | Gauntlet | Found a transporter.
 28222 | Gauntlet | Found a runed translucent gate.
 28222 | Gauntlet | Found a transporter.
 28223 | Gauntlet | Found a transporter.
 28226 | Gauntlet | Found a transporter.
 28226 | Gauntlet | Found a transporter.
 28239 | Gauntlet | Found a transporter.
 28241 | Gauntlet | Found a transporter.
 28257 | Gauntlet | Found a transporter.
 28327 | Gauntlet | Found a runed translucent door.
 28328 | Gauntlet | Found a large runed translucent door.
 28328 | Gauntlet | Found a large runed translucent door.
 28328 | Gauntlet | Found a large runed translucent door.
 28328 | Gauntlet | Found a large runed translucent door.
 28329 | Gauntlet | Found a large runed translucent door.
 28329 | Gauntlet | Found a large runed translucent door.
 28330 | Gauntlet | Found a large runed translucent door.
 28330 | Gauntlet | Found a large runed translucent door.
 28340 | Gauntlet | Found a runed translucent gate.
 28356 | Gauntlet | Found a transporter.
 28360 | Gauntlet | Found a transporter.
 28370 | Gauntlet | Found a transporter.
 28491 | Gauntlet | Got a pitted iron ring
 28533 | Gauntlet | Reached skill level 1 in Transmutations
 28572 | Gauntlet | Got a shimmering granite ring
 28574 | Gauntlet | Identified the ring "Jeogh" {+Inv rElec Int+6 Slay+2
                  | Stlth+} (You found it in a Gauntlet)
 28576 | Gauntlet | Identified the ring of Desertification {Slay+3 Stlth-} (You
                  | found it in a Gauntlet)
 28616 | Gauntlet | Got a dazzling hunting sling
 28617 | Gauntlet | Identified the +9 hunting sling of Instant Death {vorpal,
                  | Int+5} (You found it in a Gauntlet)
 29043 | Lair:1   | Noticed Gastronok
 29065 | Lair:1   | Killed Gastronok
 29065 | Lair:1   | Reached XP level 15. HP: 61/78 MP: 15/25
 29429 | Lair:2   | Lost mutation: You occasionally shout uncontrollably at
                  | your foes. [potion of mutation]
 29429 | Lair:2   | Lost mutation: You have a beak for a mouth. [potion of
                  | mutation]
 29429 | Lair:2   | Gained mutation: Your movements are slightly less
                  | encumbered by armour. (ER -2) [potion of mutation]
 29429 | Lair:2   | Gained mutation: Your muscles are strong. (Str +2) [potion
                  | of mutation]
 29429 | Lair:2   | Gained mutation: You evolve. [potion of mutation]
 29804 | Lair:2   | Found a transporter.
 29820 | Lair:2   | Found a transporter.
 29823 | Lair:2   | Noticed Nale's ghost (journeyman DrMo)
 29944 | Lair:2   | Found a staircase to the Swamp.
 30289 | Lair:3   | Noticed Sonja
 30297 | Lair:3   | Killed Sonja
 30428 | Lair:3   | Noticed Fannar
 30435 | Lair:3   | Killed Fannar
 30482 | Lair:3   | Reached skill level 1 in Slings
 30513 | Lair:3   | Received a gift from Okawaru
 30601 | Lair:3   | Reached skill level 1 in Earth Magic
 31383 | Lair:4   | Found a staircase to the Snake Pit.
 31513 | Lair:4   | Gained mutation: Your natural rate of healing is unusually
                  | fast. [evolution]
 31740 | Lair:4   | Noticed Kirke
 31764 | Lair:4   | Killed Kirke
 32523 | Lair:5   | Reached skill level 5 in Slings
 33347 | Lair:6   | Entered Level 6 of the Lair of Beasts
 33574 | Lair:6   | Paralysed by a hornet for 2 turns
 33600 | Lair:6   | Received a gift from Okawaru
 33930 | Lair:6   | Received a gift from Okawaru
 33970 | Lair:6   | Reached XP level 16. HP: 66/84 MP: 17/26
 33986 | Lair:6   | Reached skill level 10 in Slings
 34138 | Lair:6   | Found a staircase to the Slime Pits.
 34730 | Swamp:1  | Entered Level 1 of the Swamp
 35133 | Swamp:4  | Entered Level 4 of the Swamp
 35154 | Swamp:1  | Identified Roxanne's Tome of Transmigration
 35154 | Swamp:1  | Noticed Roxanne
 35209 | Swamp:1  | Killed Roxanne
 35306 | Swamp:1  | Received a gift from Okawaru
 35804 | Swamp:1  | Noticed Frances
 35827 | Swamp:1  | Killed from afar by Frances

Illustrated notes

Levels and vault maps discovered:
D:1:      nicolae_arrival_washed_ashore, layout_loops_corners
D:2:      layout_loops_ring, tgw_trog, minmay_snake_closets, uniq_jessica
D:3:      layout_rooms, chequers_decorated_corner, nicolae_ru_path_of_blood,
          uniq_terence
D:4:      layout_loops_ring, nrook_loot_triangle, kennysheep_generic_room_7,
          uniq_blork_the_orc
D:5:      layout_basic, serial_co_window_serial, co_window_paths_a,
          co_window_of_opportunity_a, co_window_paths_a, co_window_corner_a,
          co_window_paths_b, co_window_corner_a, co_window_of_opportunity_a,
          co_window_paths_b, co_window_of_opportunity_a, co_window_broadway_c,
          co_window_corner_ca, co_window_corner_b, co_window_broadway_b,
          co_window_unsneaky_path_b, glass_columns_a, glass_columns_a,
          glass_columns_b, glass_columns_a, glass_columns_b
D:6:      layout_loops_ring, nicolae_overflow_hidden_temple,
          minmay_temple_entry_overgrown, minmay_misc_feat_four_crosses,
          nicolae_dithmenos_shadow_blocks, uniq_eustachio, uniq_edmund,
          uniq_sigmund
D:7:      layout_loops_corners, minitemple, fedhas_altar_1, xom_teletrap_fun,
          uniq_duvessa, uniq_joseph
D:8:      layout_rooms, nicolae_gozag_cash_rules_everything_around_me
D:9:      minmay_the_grid_four_pointed_star_mashed
          [minmay_the_grid_triangle_9x9_zippers_horizontal,
          minmay_the_grid_triangle_9x9_limited_checkers,
          minmay_the_grid_triangle_9x9_semitri,
          minmay_the_grid_triangle_9x9_longest,
          minmay_the_grid_prize_four_corners], layout_loops_ring,
          david_lair_shrubbed, serial_shops, nicolae_shop_stone
D:10:     layout_loops_cross, david_orc_4, gammafunk_ghost_split, serial_undead,
          serial_undead_f, serial_undead_b, serial_undead_a, serial_undead_b,
          st_stairs_6, minmay_crystal_water, hangedman_decor_lopped, tgw_sif,
          uniq_maurice
D:11:     layout_roguey, portal_ice_cave_entry_imps, guppyfry_shop_venom
D:12:     layout_long_grid, minmay_holes, eino_house_with_fridge
D:13:     layout_cave_pods, skrybe_vaults_entry_preservation, serial_shops,
          nicolae_shop_crystal
D:14:     layout_grid_maze, infiniplex_staircase_hallway_doors, minivault_16
D:15:     hangedman_depths_entry_civil_slaughter, layout_basic,
          nrook_mini_vaults, serial_ice, serial_ice_n, serial_ice_k,
          serial_ice_e, serial_ice_d, serial_ice_m
Temple:   nicolae_temple_god_jail
Lair:1:   layout_regular_city, gauntlet_entry_generic,
          minmay_lair_oklob_chamber, uniq_gastronok
Lair:2:   layout_roguey, palyth_hydra_swamp_entry, gammafunk_ghost_arena,
          serial_bayou_shore_b
Lair:3:   layout_regular_city, uniq_fannar, uniq_sonja
Lair:4:   layout_roguey, minmay_snake_entry_six_corridors, serial_bayou_shore_a,
          uniq_kirke
Lair:5:   pond_and_an_island_with_a_cottage, layout_gridlike,
          patterned_corridor, lemuel_fruit_tree
Lair:6:   wormcave, layout_cave_pods, hangedman_lair_tendril_chambers,
          nicolae_slime_entry_slimehenge, chequers_serial_rivers_micro_c
Swamp:1:  layout_basic_swamp, hangedman_swamp_ruin_wall, swamp_pool5,
          uniq_jorgrun, uniq_roxanne, uniq_frances
Swamp:2:  layout_falls_marsh, evilmike_swamp_ruin_rubble_1, swamp_pool3,
          infiniplex_staircase_pool
Swamp:3:  gammafunk_worm_tunnel, layout_basic_swamp, hangedman_swamp_blocks
Swamp:4:  swamp, layout_basic_swamp
Orc:1:    layout_caves, basic_altar
Orc:2:    grunt_orc_gardens, layout_caves, grunt_orc_garden, grunt_orc_garden,
          grunt_orc_garden, grunt_orc_garden, uniq_urug, uniq_josephine

Skill      XL: |  1  2  3  4  5  6  7  8  9 10 11 12 13 14 15 16 |
---------------+-------------------------------------------------+-----
Fighting       | 1 2 3 4 5 6 7 8 9 |  9.4
Stealth        | 2 3 4 5 6 7 9 10 12 13 | 13.7
Dodging        | 4 5 6 7 9 10 11 12 | 12.4
Short Blades   | 1 2 3 5 6 7 10 16 | 16.8
Invocations    | 4 6 9 10 12 | 12.5
Evocations     | 5 |  5.9
Armour         | 4 6 |  6.2
Shields        | 4 6 |  6.2
Translocations | 2 4 |  4.6
Transmutations | 3 4 |  4.9
Slings         | 9 11 | 11.4
Earth Magic    | 3 |  3.4

Action                   |  1- 3 |  4- 6 |  7- 9 | 10-12 | 13-15 | 16-18 || total
-------------------------+-------+-------+-------+-------+-------+-------++-------
Melee: Dagger            |    21 |       |       |     1 |       |       ||    22
       Club              |     3 |       |       |       |       |       ||     3
       Short sword       |    47 |   287 |    51 |       |       |       ||   385
       Rapier            |       |       |   309 |  1662 |  2352 |   261 ||  4584
       Punch             |       |       |       |     1 |       |       ||     1
       Peck              |       |       |       |    63 |   363 |       ||   426
 Fire: Hunting sling     |       |       |       |       |    75 |    17 ||    92
Throw: Dart              |    17 |    31 |    23 |    30 |    57 |       ||   158
 Cast: Apportation       |       |       |       |       |     3 |     4 ||     7
Invok: Heroism           |       |       |       |    15 |     9 |     3 ||    27
       Finesse           |       |       |       |     5 |     2 |     1 ||     8
 Abil: Evoke Invisibilit |       |       |       |       |       |     2 ||     2
Evoke: Wand              |    12 |    12 |    16 |    55 |     3 |       ||    98
       Condenser vane    |       |       |       |       |     5 |     1 ||     6
  Use: Scroll            |     4 |     6 |     9 |    16 |    18 |       ||    53
       Potion            |     1 |       |     3 |     8 |     6 |     2 ||    20
 Stab: Sleeping          |     6 |     7 |    17 |    25 |    45 |     1 ||   101
       Paralysed         |     3 |     2 |       |       |       |       ||     5
       Confused          |       |     2 |       |       |       |     2 ||     4
       Distracted        |       |     1 |     1 |     4 |     6 |       ||    12
       Invisible         |       |       |       |       |     1 |     1 ||     2
       Petrifying        |       |       |       |       |     1 |       ||     1
       Petrified         |       |       |       |       |       |     3 ||     3
Armor: Robe              |     3 |    22 |    65 |    63 |       |       ||   153
       Troll leather arm |       |       |       |    60 |   241 |    53 ||   354
Dodge: Dodged            |    49 |   227 |   333 |  1104 |  1675 |   206 ||  3594
Block: Buckler           |       |       |       |   181 |   703 |    70 ||   954

Table legend: (Time is in decaauts)
 A = Elapsed time spent in this place.
 B = Non-inter-level travel time spent in this place.
 C = Inter-level travel time spent in this place.
 D = Time resting spent in this place.
 E = Time spent auto-exploring this place.
 F = Levels seen in this place.
 G = Mean time per level.
                   A        B        C        D        E       F      G
               +--------+--------+--------+--------+--------+-----+--------+
         Total |  27054 |  26276 |    778 |   9632 |   9983 |  30 |  901.8 |
       Dungeon |  19482 |  18959 |    523 |   8044 |   6398 |  15 | 1298.8 |
        Temple |    286 |    277 |      9 |    190 |     84 |   1 |  286.0 |
          Lair |   3983 |   3810 |    173 |     59 |   2768 |   6 |  663.8 |
         Swamp |    832 |    828 |      4 |    415 |    166 |   4 |  208.0 |
  Orcish Mines |   1785 |   1718 |     67 |    685 |    557 |   2 |  892.5 |
      Ice Cave |    441 |    441 |      0 |    238 |      7 |   1 |  441.0 |
      Gauntlet |    241 |    241 |      0 |      0 |      0 |   1 |  241.0 |
               +--------+--------+--------+--------+--------+-----+--------+

Top non-repeatable levels by time:
     D:9: 2553 daAuts
    D:12: 2175 daAuts
    D:15: 1683 daAuts
     D:1: 1590 daAuts
     D:2: 1390 daAuts
    D:14: 1306 daAuts
     D:6: 1272 daAuts
     D:4: 1221 daAuts
    D:11: 1134 daAuts
    D:13: 1122 daAuts
    D:10: 1097 daAuts
   Orc:1: 929 daAuts
     D:7: 921 daAuts
  Lair:6: 860 daAuts
   Orc:2: 856 daAuts
